Description

This build order in really easy to execute. He is designed safe and macro oriented. There is many scout timing and you can adapt to your opponent all game long.

The goal is to do a standard Gate Expand opening and then go to a blink timing. Then you can switch to a gateway playstyle or colossus.

This build can be done in all leagues. It's design to be really strong in defense and works against every kind of protoss build order (cheese, all-in macro).

VOD

https://youtu.be/AbmhcFf2jPE

Replay - Lightshade LE (76)

Build Order

Get SALT Encoding   

  12  0:00  Probe  
  13  0:13  Probe  
  14  0:17  Pylon  
  14  0:25  Probe (Chrono Boost)  
  16  0:37  Gateway, Probe x2 (Chrono Boost)  
  16  0:46  Assimilator  
  17  0:52  Probe  
  18  1:04  Probe  
  19  1:16  Probe  
  20  1:23  Nexus  
  20  1:33  Cybernetics Core  
  20  1:36  Probe  
  21  1:41  Assimilator  
  21  1:48  Probe  
  21  1:52  Pylon  
  23  2:07  Adept (Chrono Boost)  
  23  2:11  Warp Gate  
  26  2:19  Shield Battery  
  27  2:30  Adept  
  30  2:41  Twilight Council  
  34  3:04  Robotics Facility  
  36  3:16  Blink (Chrono Boost)  
  39  3:36  Gateway x2  
  41  3:45  Gateway  
  41  3:51  Pylon  
  41  3:52  Observer (Chrono Boost)  
  41  3:55  Shield Battery  
  43  3:58  Pylon  
  44  4:09  Stalker  
  48  4:20  Warp Prism  
  48  4:23  Pylon  
  50  4:25  Assimilator  
  50  4:32  Stalker x2  
  50  4:37  Stalker  
  56  4:44  Stalker  
  60  5:03  Stalker x3  
  66  5:17  Nexus  
  67  5:28  Robotics Bay  
  69  5:40  Charge (Chrono Boost)  
  62  5:44  Zealot x3  
  69  5:52  Forge  
  71  6:01  Observer  
  77  6:13  Colossus (Chrono Boost)  
  77  6:15  Extended Thermal Lance  
  80  6:24  Forge  
  83  6:33  Zealot x3, Assimilator  
  83  6:38  Shield Battery  
  94  6:56  Protoss Ground Armor Level 1 (Chrono Boost)  
  94  6:59  Colossus (Chrono Boost)  
  101  7:02  Protoss Ground Weapons Level 1 (Chrono Boost)  
  103  7:12  Zealot x3  
  108  7:17  Sentry  
  110  7:23  Shield Battery  
  110  7:34  Zealot  
  116  7:44  Colossus (Chrono Boost)  
  116  7:53  Gateway x3  
  101  8:31  Templar Archives  
  104  8:40  Warp Prism  
  114  8:57  Nexus, Protoss Ground Weapons Level 2 (Chrono Boost), Protoss Ground Armor Level 2 (Chrono Boost)  
  114  9:03  Observer  
  114  9:08  High Templar x4  
  122  9:11  Assimilator  
  122  9:13  Archon x2  
  122  9:16  Assimilator  
  128  9:26  Psionic Storm  
  128  9:40  Photon Cannon x2  
  134  9:52  Immortal (Chrono Boost)  
  134  9:53  High Templar x2  
Spawning Tool Build Advisor. Get it on Overwolf

Go to:

Details

  • Created by: zuka      
  • Published on: Nov 25, 2020
  • Patch: 4.11.0
  • Difficulty: Medium
Show
View Real Time Build Order
Export as new Build Order

Comments (0)

There are no comments. Be the first!

Create an account to comment!